 Dungeon Crawl Stone Soup version 0.22.1-1-ga44c0e5 (webtiles) character file.

88 Folque the Vandal (level 4, -1/31 HPs)
             Began as a Halfling Hunter on Sept 26, 2018.
             Slain by a gnoll
             ... wielding a +0 spear
              (2 damage)
             ... on level 2 of the Dungeon.
             The game lasted 00:06:28 (1650 turns).

Folque the Vandal (Halfling Hunter)                 Turns: 1650, Time: 00:06:28

Health: -1/31      AC:  4    Str: 13    XL:     4   Next: 82%
Magic:  4/4        EV: 14    Int:  9    God:
Gold:   91         SH:  0    Dex: 15    Spells: 3/3 levels left

rFire    . . .     SeeInvis .   e - +0 short sword
rCold    . . .     Gourm    .   (shield restricted)
rNeg     . . .     Faith    .   c - +0 leather armour
rPois    .         Spirit   .   g - +0 helmet
rElec    .         Reflect  .   (no cloak)
rCorr    .         Harm     .   (no gloves)
MR       .....                  (no boots)
Stlth    ++........             (no amulet)
HPRegen  0.10/turn              (no ring)
MPRegen  0.09/turn              (no ring)

@: about to teleport
A: small, mutation resistance 1
a: no special abilities


You were on level 2 of the Dungeon.
You were hungry.

You visited 1 branch of the dungeon, and saw 3 of its levels.

You collected 91 gold pieces.

Inventory:

Hand Weapons
 e - a +0 short sword (weapon)
 w - a +1 hunting sling
Missiles
 a - 128 stones (quivered)
 q - 46 sling bullets
Armour
 c - a +0 leather armour (worn)
 g - a +0 helmet (worn)
 k - a cursed -1 robe
Scrolls
 l - a scroll of identify
 n - a scroll of amnesia {unknown}
Potions
 d - a potion of lignification {unknown}
 h - a potion of might {unknown}
 o - a potion of haste
 p - a potion of ambrosia {unknown}
Comestibles
 f - 6 rations


   Skills:
 - Level 3.0 Fighting
 * Level 7.2 Slings
 + Level 1.2 Armour
 - Level 2.1 Dodging
 - Level 1.1 Stealth


You had 3 spell levels left.
You didn't know any spells.
Your spell library was empty.

Dungeon Overview and Level Annotations

Branches:
Dungeon (3/15)

Altars:


Innate Abilities, Weirdness & Mutations

You are small and have problems with some larger weapons.
You are somewhat resistant to further mutation.


Message History

The gnoll hits you with a spear. The goblin misses you.
You climb upwards.
There is a stone staircase leading down, spattered with blood here.
Firing (i - inventory. (/) - cycle)
q - 47 sling bullets (quivered)
Press: ? - help, Shift-Dir - straight line, f - gnoll
Aim: a gnoll, wielding a spear You shoot a sling bullet.
The sling bullet closely misses the gnoll.
Okay, then.
As you read the scroll labeled NEUXIUG PUUTHRA, it crumbles to dust.
You feel strangely unstable.
It was a scroll of teleportation.
The goblin closely misses you. The gnoll closely misses you.
Wield which item (- for none, * to show all)? (? for menu, Esc to quit)
e - a +0 short sword (weapon)
The goblin hits you but does no damage. The gnoll hits you with a spear!
* * * LOW HITPOINT WARNING * * *
You hit the goblin.
The goblin is severely wounded.
The goblin barely misses you. The gnoll hits you with a spear.
You die...

##'###
#.......<...#...####.#
#....#
#######(......#.#....#
#....# #.###.###.#.####
#....# #.#.......#.# ##.###
#.#.#.#####.# #.#
#.#.#....<#.# #.###
#)#.#.....#.#
##.).###########g#)#.....#.#
...............g@#.#######.#
#.##.#############.......<.#
#.##.#######################
#.##..............)......#
#.######....############.#
#.# #....# #.# #.# #....#
#.# #.# ###### #.# #.# #.#


You could see a gnoll and a goblin.

Vanquished Creatures
  2 gnolls
  An ooze (D:2)
  A worm (D:2)
  3 dart slugs
  A leopard gecko (D:1)
  3 giant cockroaches
  5 goblins
  7 hobgoblins
  10 jackals
  5 bats
  4 frilled lizards
  5 kobolds
  3 rats (D:1)
50 creatures vanquished.

Notes
Turn   | Place    | Note
-------+----------+-------------------------------------------
     0 | D:1      | Folque the Halfling Hunter began the quest for the Orb.
     0 | D:1      | Reached XP level 1. HP: 14/14 MP: 1/1
    84 | D:1      | Reached skill level 6 in Slings
    84 | D:1      | Reached XP level 2. HP: 18/19 MP: 2/2
   438 | D:1      | Reached XP level 3. HP: 22/25 MP: 3/3
   983 | D:2      | Reached XP level 4. HP: 31/31 MP: 4/4
  1411 | D:2      | Reached skill level 7 in Slings
  1411 | D:2      | Reached skill level 1 in Armour
  1649 | D:2      | HP: 1/31 [gnoll/spear (10)]
  1650 | D:2      | Slain by a gnoll

Skill      XL: |  1  2  3  4 |
---------------+-------------+-----
Fighting       | 2 3 |  3.0
Slings         | 6 7 |  7.2
Armour         | 1 |  1.2
Dodging        | |  2.1
Stealth        | |  1.1

Action                   |  1- 3 |  4- 6 || total
-------------------------+-------+-------++-------
Melee: Short sword       |   112 |    48 ||   160
 Fire: Hunting sling     |    15 |    16 ||    31
  Use: Scroll            |       |     3 ||     3
       Potion            |       |     2 ||     2
 Stab: Sleeping          |     2 |       ||     2
  Eat: Chunk             |       |     2 ||     2
Armor: Leather armour    |    42 |    11 ||    53
Dodge: Dodged            |   122 |    47 ||   169
